 Dungeon Crawl Stone Soup version 0.30-a0-469-g84de5afbc5 (webtiles) character file.

Game seed: 15042645626360849010

149 cforsyth the Cudgeller (level 5, -7/48 HPs)
             Began as an Armataur Gladiator on Dec 19, 2022.
             Mangled by an orc priest
             ... wielding a +0 flail
              (9 damage)
             ... on level 3 of the Dungeon.
             The game lasted 00:03:09 (1929 turns).

cforsyth the Cudgeller (Armataur Gladiator)         Turns: 1929, Time: 00:03:09

Health: -7/48      AC:  5    Str: 21    XL:     5   Next: 9%
Magic:  5/5        EV: 13    Int:  9    God:
Gold:   108        SH:  0    Dex: 11    Spells: 4/4 levels left

rFire   . . .      SeeInvis .    a - +0 flail
rCold   . . .      Faith    .    (no shield)
rNeg    . . .      Spirit   .    b - +0 leather armour
rPois   .          Reflect  .    c - +0 helmet
rElec   .          Harm     .    (no cloak)
rCorr   .          Roll     +    (no gloves)
Will    +....                    (no barding)
Stlth   +.........               (no amulet)
HPRegen 0.28/turn                j - ring of willpower
MPRegen 0.09/turn                k - +4 ring of evasion

@: no status effects
A: large, rugged brown scales 3, deformed body, armoured tail, roll, long
tongue, awkward tongue
a: no special abilities


You were on level 3 of the Dungeon.
You visited 1 branch of the dungeon, and saw 3 of its levels.

You collected 108 gold pieces.

Inventory:

Hand Weapons
 a - a +0 flail (weapon)
Missiles
 d - 3 throwing nets (quivered)
 e - a javelin
Armour
 b - a +0 leather armour (worn)
 c - a +0 helmet (worn)
Jewellery
 j - a ring of willpower (left hand)
 k - a +4 ring of evasion (right hand)
 n - a ring of protection from fire
 q - a ring of ice
Scrolls
 g - a scroll of blinking {unknown}
 h - a scroll of immolation
 i - a scroll of enchant armour {unknown}
 l - a scroll of poison {unknown}
 p - a scroll of noise {unknown}
 r - 2 scrolls of silence {unknown}
 s - a scroll of identify {unknown}
Potions
 f - 3 potions of cancellation {unknown}
 m - a potion of curing {unknown}
 o - a potion of brilliance {unknown}
 t - a potion of lignification {unknown}


   Skills:
 + Level 3.6 Fighting
 + Level 4.2 Maces & Flails
 - Level 1.7 Throwing
 - Level 2.1 Dodging


You had 4 spell levels left.
You didn't know any spells.
Your spell library contained the following spells:

 Spells                   Type           Power      Damage    Failure   Level
 Cigotuvi's Dreadful Rot  Necr/Pois/Air  0%         N/A       56%         2
 Ensorcelled Hibernation  Hex/Ice        0%         N/A       56%         2
 Passwall                 Tmut/Erth      0%         N/A       56%         2
 Swiftness                Air            0%         N/A       80%         3
 Dispel Undead            Necr           0%         3d6       99%         4
 Death Channel            Necr           0%         N/A       100%        6


Dungeon Overview and Level Annotations

Branches:
Dungeon (3/15)

Altars:

Shops:
D:3 (


Innate Abilities, Weirdness & Mutations

You are completely covered in rugged brown scales. (AC +3, +7% HP)
Armour fits poorly on your strangely shaped body.
You have a long armoured tail.
You roll when moving toward enemies. (Rampage)
Your long tongue fully drains potion bottles. (2x potion effects)
Your tongue gives you trouble enunciating. (1.5x scroll delay)


Message History

You kill the jackal!
You hit the orc. You tail-slap the orc.
The orc is almost dead.
The orc hits you with a +0 dagger.
You hit the orc but do no damage.
The orc is almost dead.
The orc hits you with a +0 dagger.
You hit the orc but do no damage.
Your tail-slap misses the orc.
The orc is almost dead.
The orc barely misses you.
The orc priest invokes the aid of Beogh against you.
Beogh smites you!
You hit the orc.
Your tail-slap misses the orc.
The orc is severely wounded.
The orc misses you.
You barely miss the orc.
The orc is severely wounded.
The orc hits you with a +0 short sword.
You barely miss the orc.
The orc is severely wounded.
The orc hits you with a +0 short sword.
You barely miss the orc.
The orc is severely wounded.
The orc hits you with a +0 short sword.
You thump the orc!
You kill the orc!
You sock the orc!
You kill the orc!
The orc hits you with a +0 mace.
* * * LOW HITPOINT WARNING * * *
You sock the orc!
You kill the orc!
You hit the orc priest but do no damage.
The orc priest mumbles some strange prayers to Beogh against you.
Beogh smites you!
* * * LOW HITPOINT WARNING * * *
You thump the orc priest!
The orc priest is heavily wounded.
The orc priest hits you with a +0 flail!
You die...

.####..#...#
........†..#
.......##..#####
.........o.....#
........#..###....
#########.o# .)
........#
###############†#
#∩...........@o.#
#.############### #.#
#.# ## #.# ##. #.# #####
#.. #.# #...# ########
#..
#.####...########......#
#..
#.#....................#
#..


You could see an orc priest.

Vanquished Creatures
  An orc wizard (D:2)
  4 adders
  A worm (D:2)
  3 dart slugs
  11 orcs
  8 ball pythons
  4 bats
  3 endoplasms
  3 giant cockroaches
  11 hobgoblins
  2 jackals (D:3)
  3 kobolds (D:1)
  2 quokkas (D:1)
  A frilled lizard (D:1)
  2 goblins (D:1)
  4 rats (D:1)
63 creatures vanquished.

Notes
Turn   | Place    | Note
-------+----------+-------------------------------------------
     0 | D:1      | cforsyth the Armataur Gladiator began the quest for the
                  | Orb.
     0 | D:1      | Reached XP level 1. HP: 18/18 MP: 1/1
   227 | D:1      | Reached skill level 3 in Maces & Flails
   229 | D:1      | Reached XP level 2. HP: 25/25 MP: 2/2
   242 | D:1      | Found a faded altar of an unknown god.
   397 | D:1      | Reached XP level 3. HP: 32/32 MP: 3/3
   888 | D:2      | Reached XP level 4. HP: 10/40 MP: 4/4
  1417 | D:2      | Reached skill level 4 in Maces & Flails
  1831 | D:3      | Reached XP level 5. HP: 46/48 MP: 5/5
  1869 | D:3      | Found Ryguiv's Weapon Emporium.
  1928 | D:3      | HP: 2/48 [orc priest/divine providence (11)]
  1929 | D:3      | Mangled by an orc priest

Illustrated notes

Levels and vault maps discovered:
D:1:      scummos_arrival_star, layout_basic, hellmonk_ecumenical_altar_blasted,
          due_unseen_surprise
D:2:      layout_basic, nrook_uturn
D:3:      layout_basic, serial_shops, shop, uniq_crazy_yiuf_cottage

Skill      XL: |  1  2  3  4 |
---------------+-------------+-----
Fighting       | 2 3 |  3.6
Maces & Flails | 3 4 |  4.2
Throwing       | |  1.7
Dodging        | |  2.1

Action                   |  1- 3 |  4- 6 || total
-------------------------+-------+-------++-------
Melee: Flail             |   106 |    78 ||   184
       Tailslap          |    16 |     7 ||    23
       Punch             |       |     1 ||     1
 Stab: Sleeping          |       |     2 ||     2
Armor: Leather armour    |    41 |    18 ||    59
Dodge: Dodged            |    55 |    57 ||   112

Table legend: (Time is in decaauts)
 A = Elapsed time spent in this place.
 B = Non-inter-level travel time spent in this place.
 C = Inter-level travel time spent in this place.
 D = Time resting spent in this place.
 E = Time spent auto-exploring this place.
 F = Levels seen in this place.
 G = Mean time per level.
                   A        B        C        D        E       F      G
               +--------+--------+--------+--------+--------+-----+--------+
         Total |   1967 |   1927 |     40 |    141 |   1353 |   3 |  655.7 |
       Dungeon |   1967 |   1927 |     40 |    141 |   1353 |   3 |  655.7 |
               +--------+--------+--------+--------+--------+-----+--------+

Top non-repeatable levels by time:
     D:1: 816 daAuts
     D:2: 726 daAuts
     D:3: 425 daAuts
